 Dungeon Crawl Stone Soup version 0.26.0-15-gc6cd9f700b (webtiles) character file.

Game seed: 16873481597646470810

131 jackrogers the Chopper (level 5, -1/32 HPs)
             Began as a Gargoyle Berserker on Jan 17, 2021.
             Was a Believer of Trog.
             Splashed by a jelly's acid (4 damage)
             ... on level 3 of the Dungeon.
             The game lasted 00:01:49 (1939 turns).

jackrogers the Chopper (Gargoyle Berserker)         Turns: 1939, Time: 00:01:49

Health: -1/32      AC:  5    Str: 22    XL:     5   Next: 14%
Magic:  5/5        EV: 10    Int:  7    God:    Trog [**....]
Gold:   152        SH:  0    Dex:  9    Spells: 4/4 levels left

rFire    . . .     SeeInvis .   a - +1 hand axe
rCold    . . .     Faith    .   (no shield)
rNeg     + . .     Spirit   .   i - +0 scale mail
rPois    ∞         Reflect  .   (no helmet)
rElec    +         Harm     .   d - +1 cloak
rCorr    .         Rampage  .   f - +0 pair of gloves
Will     .....                  (no boots)
Stlth    ..........             (no amulet)
HPRegen  0.10/turn              (no ring)
MPRegen  0.09/turn              (no ring)

@: corroded
A: negative energy resistance 1, electricity resistance, unbreathing,
petrification resistance, miasma immunity, AC +4
a: Renounce Religion, Berserk, Trog's Hand


You were on level 3 of the Dungeon.
You worshipped Trog.
Trog was pleased with you.
You visited 1 branch of the dungeon, and saw 3 of its levels.

You collected 152 gold pieces.

Inventory:

Hand Weapons
 a - a +1 hand axe (weapon)
Armour
 b - a +0 animal skin
 d - a +1 cloak (worn)
   (You found it on level 1 of the Dungeon)
 f - a +0 pair of gloves (worn)
   (You found it on level 1 of the Dungeon)
 i - a +0 scale mail (worn)
   (You found it on level 2 of the Dungeon)
Scrolls
 g - a scroll of fog {unknown}
Potions
 c - a potion of mutation {unknown}
 e - 5 potions of curing {unknown}
 h - a potion of invisibility {unknown}
 j - a potion of heal wounds {unknown}


   Skills:
 - Level 3.2 Fighting
 + Level 5.2 Axes
 - Level 2.1 Armour
 - Level 1.5 Dodging


You had 4 spell levels left.
You didn't know any spells.
Your spell library was empty.

Dungeon Overview and Level Annotations

Branches:
Dungeon (3/15)

Altars:
Sif Muna


Innate Abilities, Weirdness & Mutations

You are resistant to torment.
Your stone body is resilient. (AC +4)
You are immune to poison.
You resist negative energy. (rN+)
You are resistant to electric shocks. (rElec)
You can survive without breathing.
You are immune to petrification.
You are immune to miasma.


Message History

You hit the kobold but do no damage.
The kobold hits you but does no damage. x4
You closely miss the kobold. You hit the kobold.
You kill the kobold!
Trog accepts your kill.
You hit the kobold but do no damage. You hit the kobold.
The kobold closely misses you. The kobold hits you but does no damage.
The kobold throws a stone.
The stone closely misses you.
You have reached level 5!
You hit the kobold.
You kill the kobold!
Trog accepts your kill.
You miss the kobold. You closely miss the kobold.
The kobold hits you but does no damage. x2
You closely miss the kobold. You barely miss the kobold.
You hit the kobold but do no damage. You hit the kobold.
The kobold closely misses you.
The kobold hits you but does no damage. x2
The kobold barely misses you. The kobold hits you but does no damage.
You closely miss the kobold. x2; You hit the kobold.
You barely miss the kobold. The kobold hits you but does no damage.
The kobold closely misses you. x3
You hit the kobold.
You kill the kobold!
Trog accepts your kill.
You hit the kobold. x2
You kill the kobold!
Trog accepts your kill.
You barely miss the kobold. The kobold completely misses you.
The kobold hits you but does no damage.
You barely miss the kobold. You hit the kobold. The kobold closely misses you.
The kobold hits you but does no damage.
You hit the kobold.
You kill the kobold!
Trog accepts your kill.
You hit the kobold.
You kill the kobold!
Trog accepts your kill.
No target in view!
No target in view!
There is an open gate here.
Items here: ( )) ††.
Things that are here:
a +0 short sword; 4 stones; a kobold corpse
Things that are here:
a +0 short sword; a kobold corpse You open the door.
There is an open door here.
A kobold comes into view. It is wielding a +0 whip.
A kobold is nearby!
A kobold is nearby!
A kobold is nearby!
You closely miss the kobold. The kobold hits you but does no damage.
You slash the kobold!
You kill the kobold!
Trog accepts your kill.
No target in view!
No target in view!
Things that are here:
a +0 whip; a kobold corpse As you open the door, it creaks loudly! 3 oozes come into view.
The ooze quivers. x3
An ooze comes into view.
There are monsters nearby!
There are monsters nearby!
You hit the ooze. The ooze hits you.
You completely miss the ooze. The ooze closely misses you.
Something hits the fungus.
The fungus begins to die.
You hit the ooze.
The ooze hits the fungus.
The ooze hits you but does no damage.
Something hits the fungus. x2
The fungus begins to die.
The fungus is splashed with acid.
The acid corrodes the fungus!
You hit the ooze.
You kill the ooze!
Trog accepts your kill.
The ooze hits the fungus.
You slash the ooze! The ooze hits you but does no damage.
Something hits the fungus.
The fungus is splashed with acid.
The acid corrodes the fungus!
Something hits the fungus.
You hit the ooze but do no damage.
A nearby fungus withers and dies.
The ooze barely misses you.
A jelly comes into view.
Spoiler Alert: The jelly can corrode equipment in melee!
You slash the ooze!
You kill the ooze!
Trog accepts your kill.
A nearby fungus withers and dies.
You hit the jelly.
Your hands burn!
The jelly hits you. The acid corrodes you!
You are splashed with acid!
Spoiler Alert: The jelly can corrode equipment in melee!
You barely miss the jelly. The jelly hits you but does no damage.
You hit the jelly but do no damage.
Your hands burn!
The jelly hits you but does no damage.
You are too injured to fight recklessly!
You are too injured to fight recklessly!
You are too injured to fight recklessly!
Spoiler Alert: The jelly can corrode equipment in melee!
You slash the jelly!
Your hands burn!
The jelly hits you. The acid corrodes you!
You are splashed with acid!
* * * LOW HITPOINT WARNING * * *
You hit the jelly.
Your hands burn!
You die...

#.# ### #.# ##.#######
#.# #.#.#....#######.#
#.#.#.....##......
#)#'#......'..##.#
#.#.......))..##.#
#.#.......)((###.#
#@#.....(.##.....#
P....JJ##......#########
....÷÷# ######## ######
### ### ###### #.# #.#
###.##.# #.# #.# #.#
#......# #.# #.# #.#
#.###..# #.## #.#
#.###.# #..# #..# #.#


You could see a jelly and an ooze.

Vanquished Creatures
  A hound (D:2)
  4 adders
  2 oozes (D:3)
  A worm (D:2)
  A leopard gecko (D:2)
  2 orcs
  3 ball pythons (D:1)
  2 giant cockroaches (D:3)
  4 goblins
  A hobgoblin (D:3)
  2 jackals (D:1)
  17 kobolds
  2 bats
  4 frilled lizards
  7 rats
53 creatures vanquished.

Vanquished Creatures (others)
  3 fungi (D:3)
  7 toadstools (D:3)
10 creatures vanquished.

Grand Total: 63 creatures vanquished

Notes
Turn   | Place    | Note
-------+----------+-------------------------------------------
     0 | D:1      | jackrogers the Gargoyle Berserker began the quest for the
                  | Orb.
     0 | D:1      | Reached XP level 1. HP: 14/14 MP: 1/1
    41 | D:1      | Reached skill level 3 in Axes
    57 | D:1      | Reached XP level 2. HP: 19/19 MP: 2/2
   613 | D:2      | Reached XP level 3. HP: 14/23 MP: 3/3
   814 | D:2      | Reached skill level 4 in Axes
   814 | D:2      | Reached XP level 4. HP: 28/28 MP: 4/4
   908 | D:2      | Reached ** piety under Trog
  1308 | D:2      | Found a shimmering blue altar of Sif Muna.
  1835 | D:3      | Reached skill level 5 in Axes
  1899 | D:3      | Reached XP level 5. HP: 32/32 MP: 5/5
  1938 | D:3      | HP: 3/32 [acid (7)]
  1939 | D:3      | Splashed by a jelly's acid

Illustrated notes

Levels and vault maps discovered:
D:1:      onia_arrival_handbag, layout_basic
D:2:      layout_loops_ring, led_sif_pool
D:3:      cheibrodos_fertilizer, layout_loops_ring, lemuel_round_altar

Skill      XL: |  1  2  3  4 |
---------------+-------------+-----
Axes           | 3 4 5 |  5.2
Fighting       | |  3.2
Armour         | |  2.1
Dodging        | |  1.5

Action                   |  1- 3 |  4- 6 || total
-------------------------+-------+-------++-------
Melee: Hand axe          |    71 |   101 ||   172
  Use: Scroll            |     1 |     4 ||     5
 Stab: Sleeping          |     1 |       ||     1
Armor: Animal skin       |    33 |     3 ||    36
       Scale mail        |       |    44 ||    44
Dodge: Dodged            |    49 |    55 ||   104

Table legend: (Time is in decaauts)
 A = Elapsed time spent in this place.
 B = Non-inter-level travel time spent in this place.
 C = Inter-level travel time spent in this place.
 D = Time resting spent in this place.
 E = Time spent auto-exploring this place.
 F = Levels seen in this place.
 G = Mean time per level.
                   A        B        C        D        E       F      G
               +--------+--------+--------+--------+--------+-----+--------+
         Total |   1954 |   1925 |     29 |    118 |   1474 |   3 |  651.3 |
       Dungeon |   1954 |   1925 |     29 |    118 |   1474 |   3 |  651.3 |
               +--------+--------+--------+--------+--------+-----+--------+

Top non-repeatable levels by time:
     D:2: 1001 daAuts
     D:1: 597 daAuts
     D:3: 355 daAuts

Table legend:
 A = Kills in this place as a percentage of kills in entire the game.
 B = Kills by you in this place as a percentage of kills by you in the entire game.
 C = Kills by friends in this place as a percentage of kills by friends in the entire game.
 D = Other kills in this place as a percentage of other kills in the entire game.
 E = Experience gained in this place as a percentage of experience gained in the entire game.
 F = Experience gained in this place divided by the number of levels of this place that you have seen.
                   A       B       C       D       E      F
               +-------+-------+-------+-------+-------+----------------------
         Total | 100.0 | 100.0 |   N/A |   N/A | 100.0 |  62.7
       Dungeon | 100.0 | 100.0 |   N/A |   N/A | 100.0 |  62.7
               +-------+-------+-------+-------+-------+----------------------
